[Event "*** Biggest EVER Titled Tuesday"]
[Site "Chess.com"]
[Date "2018.04.17"]
[Round "2"]
[White "Margency"]
[Black "fyall777"]
[Result "1/2-1/2"]
[WhiteElo "2542"]
[BlackElo "2366"]
[TimeControl "180+2"]
[EndTime "13:23:19 PDT"]
[Termination "Game drawn by stalemate"]

1. e4 c5 2. Nf3 d6 3. d4 cxd4 4. Nxd4 Nf6 5. Nc3 a6 6. g3 e5 7. Nb3 Bg4 8. f3 Be6 9. Bg2 Nc6 10. O-O d5 11. exd5 Nxd5 12. Ne4 Qb6+ 13. Kh1 Ne3 14.
Bxe3 Qxe3 15. Nd6+ Bxd6 16. Qxd6 Rd8 17. Qc5 Qxc5 18.
Nxc5 Bc8 19. Rf2 O-O 20. f4 exf4 21. gxf4 Rfe8 22. c3 a5 23. Kg1 g6 24. Kf1 Kg7 25.
Re1 Rxe1+ 26. Kxe1 Bg4 27. Rd2 Re8+ 28. Kf2 Bc8 29.
Bxc6 bxc6 30. Rd6 Bg4 31. Rd2 h5 32. b4 Ra8 33. a4 h4 34. Kg2 Kf6 35. h3 Be6 36. Kf3 Kf5 37. Nxe6 fxe6 38. Re2 axb4 39. Re5+ Kf6 40. cxb4 Rxa4 41. Rc5 Rxb4 42. Rxc6 Kf5 43. Rc5+ Kf6 44. Rc6 Ra4 45. Rc5 Rd4 46. Rc8 g5 47.
fxg5+ Kxg5 48. Rg8+ Kf5 49. Rf8+ Ke5 50. Re8 Rf4+ 51.
Ke3 Rf1 52. Rh8 Re1+ 53. Kf2 Re4 54. Kf3 Rf4+ 55. Ke3 Ra4 56. Rh5+ Kf6 57. Rh8 Kf5 58. Rh5+ Kg6 59. Re5 Ra3+ 60. Kf4 Kf6 61. Rh5 Rxh3 62. Rh6+ Ke7 63. Ke5 Re3+ 64. Kf4 Ra3 65. Rxh4 Ra4+ 66. Ke5 Ra5+ 67. Ke4 Ra4+ 68. Ke5 Rxh4 1/2-1/2

[Event "*** Biggest EVER Titled Tuesday"]
[Site "Chess.com"]
[Date "2018.04.17"]
[Round "2"]
[White "MartinMatthiesen"]
[Black "jacky72"]
[Result "0-1"]
[WhiteElo "2323"]
[BlackElo "2639"]
[TimeControl "180+2"]
[EndTime "13:23:23 PDT"]
[Termination "jacky72 won by resignation"]

1. d4 d5 2. c4 Nc6 3. Nf3 Bg4 4. Nc3 Bxf3 5. gxf3 e5 6. cxd5 exd4 7. dxc6 dxc3 8.
Qa4 b5 9. Qxb5 c2 10. Bg5 Rb8 11. Qe5+ Be7 12. Bd2 Kf8 13. Rc1 Bf6 14. Qc5+ Ne7 15. b4 a5 16. b5 Bd4 17. Qc4 Qd6 18.
Rxc2 h5 19. Bh3 h4 20. O-O Rh5 21. a4 Rd8 22. Bxa5 Kg8 23. Bb4 Qf6 24. Kh1 Nd5 25. Bd2 Nb6 26. Qb3 Be5 27. Bc1 Rd4 28. a5 Nd5 29. a6 Nb6 30. a7 Kh7 31. e3 Rd8 32. f4 Bd6 33. Qd3+ g6 34. Qe4 Rxb5 35.
Rg1 Ra8 36. f5 g5 37. Qg4 Be7 38. Qh5+ Kg8 39. Qxh4 Rxa7 40. e4 Ra4 41. f4 Rxe4 42. fxg5 Qe5 43. Qh5 Re1 44. Rg2 Rxg1+ 45. Rxg1 Qe4+ 46.
Bg2 Qxf5 47. Qh6 Rb1 48. g6 fxg6 49. Bf1 Qf3+ 50. Bg2 Qf5 51. Bh3 Qe4+ 52. Bg2 Qc2 53. Bf4 Rxg1+ 54. Kxg1 Bc5+ 55. Kh1 Qd1+ 0-1

[Event "*** Biggest EVER Titled Tuesday"]
[Site "Chess.com"]
[Date "2018.04.17"]
[Round "2"]
[White "Fablibi"]
[Black "chegueps"]
[Result "1-0"]
[WhiteElo "2514"]
[BlackElo "2262"]
[TimeControl "180+2"]
[EndTime "13:23:24 PDT"]
[Termination "Fablibi won by resignation"]

1. e4 d6 2. d4 Nf6 3. Nc3 e5 4.
Nf3 Nbd7 5. Bc4 Be7 6. a4 O-O 7. O-O c6 8. h3 a5 9. Re1 exd4 10.
Nxd4 Nb6 11. Bb3 Nfd7 12. Be3 Nc5 13. Qf3 Bf6 14. Rad1 Qe7 15. Nf5 Bxf5 16. exf5 d5 17. g4 Nbd7 18. Qg2 Bg5 19. f4 Bh4 20. Re2 Nxb3 21. cxb3 Bf6 22. g5 Bxc3 23. bxc3 Rfe8 24. Rde1 Qd6 25. f6 Re4 26. fxg7 Rae8 27. f5 Ne5 28. Bd4 Nd3 29. Rxe4 dxe4 30. Rxe4 Rxe4 31.
Qxe4 Qg3+ 32. Qg2 Qe1+ 33. Kh2 Nf4 34. Qf2 Qc1 35. Qe3 Qc2+ 36. Kg3 Ne2+ 37. Kh4 Nxd4 38.
Qxd4 Qxf5 39. b4 axb4 40. cxb4 Qe6 41. Kg3 Qe1+ 42. Kf4 Qe6 43. h4 h6 44. Qd8+ Kxg7 45. gxh6+ Kh7 46. Qg5 Qxh6 47. Qxh6+ Kxh6 48. Kf5 Kg7 49. a5 f6 50. h5 Kh6 51. Kxf6 Kxh5 52. Ke6 Kg6 53. Kd6 Kf6 54. Kc7 1-0

[Event "*** Biggest EVER Titled Tuesday"]
[Site "Chess.com"]
[Date "2018.04.17"]
[Round "2"]
[White "rezacz"]
[Black "Ravan_02"]
[Result "0-1"]
[WhiteElo "2434"]
[BlackElo "2449"]
[TimeControl "180+2"]
[EndTime "13:23:27 PDT"]
[Termination "Ravan_02 won by checkmate"]

1. e4 g6 2. d4 Bg7 3. Nc3 d6 4.
Nge2 Nf6 5. g3 O-O 6. Bg2 Nbd7 7. O-O e5 8. h3 c6 9. a4 Re8 10. d5 c5 11. Nb5 Nb8 12. Na3 Nbd7 13. a5 Rf8 14. Nc4 Ne8 15. c3 Rb8 16. Kh2 b5 17. axb6 axb6 18. b4 b5 19. Na5 Rb7 20. Nxb7 Bxb7 21.
Ra5 Nc7 22. Be3 cxb4 23. cxb4 f5 24. f3 f4 25. Bf2 fxg3+ 26. Nxg3 h5 27. Qc2 Bh6 28.
Ra7 Qb8 29. Rfa1 Bf4 30. Kg1 Rc8 31. Qd3 Ne8 32. Ne2 Bh6 33. Qxb5 Rc7 34. R1a3 Qc8 35. h4 g5 36. hxg5 Bxg5 37. Bh3 Nef6 38. Kg2 h4 39. Be6+ Kh8 40. Ng1 Nh5 41. Nh3 Nf4+ 42. Nxf4 Bxf4 43. Bg4 h3+ 44. Kxh3 Rc1 45.
Qxb7 Rh1+ 46. Kg2 Rh2+ 47. Kf1 Qc1+ 48. Be1 Qc4+ 49. Kg1 Rh1+ 50. Kf2 Qf1# 0-1

[Event "*** Biggest EVER Titled Tuesday"]
[Site "Chess.com"]
[Date "2018.04.17"]
[Round "2"]
[White "Ellaijio_B"]
[Black "AbdAlAgathos"]
[Result "1-0"]
[WhiteElo "2547"]
[BlackElo "2304"]
[TimeControl "180+2"]
[EndTime "13:23:27 PDT"]
[Termination "Ellaijio_B won by resignation"]

1. e4 e6 2. Qe2 c5 3. b3 Nc6 4. Bb2 Nge7 5. g3 d5 6. Bg2 dxe4 7. Qxe4 Nf5 8. Nf3 Be7 9. O-O Bf6 10. Bxf6 Qxf6 11. Na3 O-O 12. Nc4 Rd8 13. c3 Rb8 14. Rad1 Nce7 15. Qf4 Bd7 16. Nfe5 Be8 17. Ng4 Qg6 18. Nce5 Qh5 19. Bf3 Qh3 20. Bg2 Qh5 21. h4 Ng6 22. Nxg6 Qxg6 23. Ne5 Qf6 24. Be4 Nd6 25.
Qe3 Nxe4 26. Qxe4 Rd5 27. f4 b6 28. d4 Rbd8 29. Rd2 Qe7 30. Rfd1 cxd4 31. Rxd4 Qc5 32. Qe3 Rxd4 33. Rxd4 Rxd4 34. Qxd4 Qxd4+ 35. cxd4 f6 36. Nc4 Bc6 37. Kf2 Kf8 38. Ke3 Ke7 39. Nb2 Bd5 40. Nd3 a5 41. Nc1 Kd6 42. Kd3 h6 43. Kc3 g5 44.
Nd3 gxh4 45. gxh4 Be4 46. Nb2 b5 47. Nd1 Bb1 48. Ne3 Kc6 49. a3 Be4 50. Ng4 Bf5 51.
Nxf6 Kd6 52. Nh5 Kd5 53. Ng3 Bg4 54. Kd3 Bh3 55. Ke3 Bg4 56. Ne4 Bd1 57. Nc3+ 1-0

[Event "*** Biggest EVER Titled Tuesday"]
[Site "Chess.com"]
[Date "2018.04.17"]
[Round "2"]
[White "pulvettd"]
[Black "Diwi89"]
[Result "0-1"]
[WhiteElo "2513"]
[BlackElo "2729"]
[TimeControl "180+2"]
[EndTime "13:23:28 PDT"]
[Termination "Diwi89 won on time"]

1. d4 Nf6 2. c4 e6 3. Nf3 b6 4. g3 Ba6 5. b3 Bb4+ 6. Bd2 Be7 7.
Nc3 d5 8. cxd5 exd5 9. Bg2 O-O 10. O-O Bb7 11. Qc2 Na6 12. a3 c5 13. dxc5 bxc5 14.
Nh4 g6 15. Rfd1 Qd7 16. e4 d4 17. e5 Nd5 18. Ne4 Rac8 19. Qd3 Rfe8 20. Nf3 Nac7 21.
Bg5 Bf8 22. Rac1 Ne6 23. Nf6+ Nxf6 24. Bxf6 Bd5 25. Nd2 Bxg2 26. Kxg2 Bg7 27. Ne4 Bf8 28. Qf3 Rb8 29. Bh4 Bg7 30. Bf6 Bf8 31. h4 Qb7 32.
Rd3 h5 33. Re1 Rec8 34. Rc1 Rc6 35. Bg5 Rb6 36. Nf6+ Kh8 37. Ne4 Rxb3 38. Rxb3 Qxb3 39. Qxf7 Bg7 40. Nd6 Rf8 41. Qxg6 Qf3+ 42. Kh3 Qg4+ 43. Kg2 Nf4+ 44. Bxf4 Qxg6 45. Bg5 d3 46. Rxc5 d2 47. Rd5 Bxe5 48. Nf7+ Qxf7 49. Rxd2 Qf3+ 50. Kh2 Bd4 51. Bf4 Rxf4 52. gxf4 Qxf4+ 53. Kg2 Qxd2 54. Kh3 Qxf2 0-1

[Event "*** Biggest EVER Titled Tuesday"]
[Site "Chess.com"]
[Date "2018.04.17"]
[Round "2"]
[White "DryCounty"]
[Black "IMVoja"]
[Result "1/2-1/2"]
[WhiteElo "2522"]
[BlackElo "2307"]
[TimeControl "180+2"]
[EndTime "13:23:28 PDT"]
[Termination "Game drawn by repetition"]

1. e4 c6 2. d4 d5 3. Nc3 dxe4 4. Nxe4 Nf6 5. Nxf6+ exf6 6. Nf3 Bd6 7. Bd3 O-O 8. O-O Bg4 9. h3 Bh5 10. Be3 Nd7 11. Bf5 Qc7 12. c3 Rae8 13. Re1 Bg6 14.
Qd3 Re7 15. g4 Rfe8 16. Kg2 Nf8 17. c4 Ne6 18. Bxg6 fxg6 19. d5 Nf4+ 20. Bxf4 Bxf4 21. Rxe7 Rxe7 22. Re1 Rxe1 23. Nxe1 Be5 24. b3 Qd6 25. dxc6 Qxc6+ 26. Qf3 Qd7 27. Nd3 b6 28. Nb4 g5 29.
Qa8+ Kf7 30. Nd5 h5 31. Qh8 hxg4 32. Qh5+ Kg8 33. Qxg4 Qd6 34. Qf5 Kf7 35. Qe4 Qc6 36.
b4 Qe6 37. Ne3 Bf4 38. Qxe6+ Kxe6 39. Nd5 Bd2 40. Kf3 Ke5 41. Ke2 Bc1 42. Kd3 f5 43. Ne7 Ba3 44. Nc6+ Kd6 45. b5 Bc5 46. f3 g6 47. Nxa7 Ke5 48. Nc6+ Kf4 49. Ke2 Kg3 50. Ne5 Kxh3 51. Nxg6 g4 52. fxg4 fxg4 53. Nf4+ Kh2 54. Kf1 g3 55. a4 Kh1 56. Ng2 Kh2 57. Ne1 Kh1 58. Ng2 Kh2 59. Nf4 Kh1 60. Ng2 Kh2 61. Ne1 Kh1 62. Ng2 Kh2 63. Nf4 Kh1 64. Ng2 1/2-1/2

[Event "*** Biggest EVER Titled Tuesday"]
[Site "Chess.com"]
[Date "2018.04.17"]
[Round "2"]
[White "GadimbayliA"]
[Black "ArnaudovP"]
[Result "1/2-1/2"]
[WhiteElo "2377"]
[BlackElo "2469"]
[TimeControl "180+2"]
[EndTime "13:23:35 PDT"]
[Termination "Game drawn by agreement"]

1. e4 e5 2. Nf3 Nc6 3. Bb5 a6 4. Ba4 d6 5. O-O Bd7 6. c3 g6 7.
d4 Bg7 8. h3 Nf6 9. Re1 O-O 10.
Nbd2 Re8 11. d5 Ne7 12. Bxd7 Nxd7 13. c4 h6 14. Nf1 f5 15. exf5 gxf5 16. Ng3 Nf6 17.
Nh4 Qd7 18. Qf3 f4 19. Ne4 Rf8 20. Bd2 Nf5 21. Nxf5 Qxf5 22. c5 Rad8 23. cxd6 Nxe4 24. Rxe4 Rxd6 25. Bb4 Rxd5 26. Bxf8 Bxf8 27. Rae1 Bd6 28. Qb3 Qf7 29. Qxb7 Rd2 30. Qxa6 f3 31. Qc4 Rxb2 32. a4 fxg2 33. Qxf7+ Kxf7 34. Kxg2 Ra2 35. R1e2 Ra3 36. R2e3 Ra2 37. Kg3 Ke6 38. Re2 Ra3+ 39. Kg4 Kd5 40. h4 c5 41. f3 c4 42. Rd2+ Kc5 43. Rxc4+ Kxc4 44. Rxd6 Rxa4 45. Rxh6 Kd3+ 46. Kg5 Ke3 47. Rf6 Ra1 48. h5 Rg1+ 49. Kh6 e4 50. fxe4 Kxe4 51.
Kh7 Ke5 52. Rf2 Ke6 53. h6 Ke7 54. Kh8 Rg3 55. Rf4 Rg1 56. Rf5 Rg6 57. Kh7 Rg1 58. Ra5 Kf7 59. Ra7+ Kf8 60. Rg7 Ra1 61. Rg8+ Kf7 62.
Rg5 Rf1 63. Kh8 Rf2 64. Rg3 Rf1 65. Rg7+ Kf8 66. h7 1/2-1/2

[Event "*** Biggest EVER Titled Tuesday"]
[Site "Chess.com"]
[Date "2018.04.17"]
[Round "2"]
[White "HovmoellerHest"]
[Black "Saitama_Hero"]
[Result "0-1"]
[WhiteElo "2212"]
[BlackElo "2138"]
[TimeControl "180+2"]
[EndTime "13:23:37 PDT"]
[Termination "Saitama_Hero won by checkmate"]

1. d4 Nf6 2. c4 g6 3. Nc3 Bg7 4. e4 d6 5. f3 O-O 6. Be3 c5 7. Nge2 Nc6 8. Qd2 a6 9. d5 Na5 10. Nc1 e6 11. dxe6 Bxe6 12. Nd5 Bxd5 13. cxd5 b5 14.
Be2 Nd7 15. O-O Ne5 16. Bg5 Qb6 17. Rb1 Nac4 18. Bxc4 Nxc4 19. Qe2 Rae8 20. Nd3 f5 21. b3 Na3 22. Rbe1 h6 23. Bh4 b4 24. Bf2 Nb5 25. Qc2 fxe4 26. Rxe4 Nc3 27. Rxb4 Qa5 28. Rc4 Re2 29. Rxc3 Rxc2 30. Rxc2 Re8 31. Rd1 Qb5 32. Nf4 Kh7 33. Ne6 Re7 34. Rc4 Be5 35. f4 Bf6 36.
h3 Qa5 37. Ra4 Qb5 38. Rc4 a5 39. Kh2 a4 40. Rd3 axb3 41. axb3 Qa6 42. Bg3 Qa1 43.
f5 g5 44. Bxd6 Rd7 45. Bg3 Be5 46. Nxc5 Bxg3+ 47. Rxg3 Rxd5 48. f6 Qxf6 49. Ne4 Qe5 50. Kg1 Rd1+ 51. Kf2 Qb2+ 52. Kf3 Qxb3+ 53. Ke2 Qd3+ 54.
Kf2 Rf1# 0-1

[Event "*** Biggest EVER Titled Tuesday"]
[Site "Chess.com"]
[Date "2018.04.17"]
[Round "2"]
[White "champ2005"]
[Black "Firouzja2003"]
[Result "0-1"]
[WhiteElo "2603"]
[BlackElo "2732"]
[TimeControl "180+2"]
[EndTime "13:23:39 PDT"]
[Termination "Firouzja2003 won by resignation"]

1. e4 e6 2. d4 d5 3. exd5 exd5 4. Bd3 Bd6 5. Ne2 Qf6 6. h3 Ne7 7. Nd2 O-O 8. O-O Nbc6 9. c3 Bf5 10. Bxf5 Qxf5 11.
Nf3 Ng6 12. Be3 Rfe8 13. Qd2 Nce7 14. Rae1 c6 15. Ng3 Qd7 16. Re2 Bxg3 17. fxg3 Nf5 18.
Bf2 Rxe2 19. Qxe2 Re8 20. Qd2 Nd6 21. Re1 Ne4 22. Qe2 f6 23. Nd2 Kf7 24. Nxe4 Rxe4 25.
Qd2 Rxe1+ 26. Qxe1 Qe6 27. Qd1 Ne7 28. Qb3 Qd7 29. Qa4 Nc8 30. g4 b5 31. Qa6 Nd6 32.
Bg3 Qb7 33. Qxb7+ Nxb7 34. Kf2 Nd8 35. Ke3 Ne6 36. Kd3 Ng5 37. Bb8 a5 38. b3 Ne4 39.
Bc7 a4 40. bxa4 bxa4 41. Kc2 Ke6 42. Kb2 Kd7 43. Ba5 Nd6 44. Ka3 Nc4+ 45. Kxa4 Ne3 46. Bb4 Nxg2 47. Bf8 g6 48. Bg7 f5 49. gxf5 gxf5 50. Be5 f4 51. Ka5 f3 52. Bg3 Nf4 53. h4 Ne2 54. Bf2 Nxc3 55. Kb6 Nxa2 56. Kc5 Nc3 57. Kb6 Ne4 58. Be3 f2 59. Bxf2 Nxf2 0-1

[Event "*** Biggest EVER Titled Tuesday"]
[Site "Chess.com"]
[Date "2018.04.17"]
[Round "2"]
[White "Rikikits"]
[Black "Shant_Sargsyan"]
[Result "0-1"]
[WhiteElo "2575"]
[BlackElo "2811"]
[TimeControl "180+2"]
[EndTime "13:23:40 PDT"]
[Termination "Shant_Sargsyan won by resignation"]

1. e4 e5 2. Nf3 Nc6 3. Bb5 a6 4. Ba4 Nf6 5. d3 Bc5 6. Nc3 O-O 7. a3 h6 8. Be3 Bxe3 9. fxe3 d6 10. O-O Be6 11. Qe1 Ne7 12. Nh4 Ng6 13. Nf5 Bxf5 14. exf5 Ne7 15. e4 c6 16. Bb3 Re8 17. Kh1 d5 18. Qh4 Qd6 19. Rf3 Rad8 20. Raf1 dxe4 21. Nxe4 Nxe4 22. dxe4 Qf6 23. Qxf6 gxf6 24. Rd3 Rxd3 25. cxd3 Rd8 26. Rf3 Nc8 27. Kg1 Nd6 28. Kf2 Nb5 29. Ke3 Nd4 30. Rg3+ Kf8 31. Bd1 b5 32. Rh3 Kg7 33.
Rg3+ Kf8 34. Rh3 Kg7 35. Rg3+ Kh7 36. b4 Rg8 37. Rxg8 Kxg8 38. Kd2 Kf8 39. Kc3 Ke7 40. Bh5 Ke8 41. Kd2 c5 42. bxc5 Nb3+ 43. Ke3 Nxc5 44. d4 exd4+ 45. Kxd4 Nd7 46. Be2 Kd8 47. g4 Kc7 48.
Kd5 Nb6+ 49. Kc5 Nd7+ 50. Kd5 Nb6+ 51. Kc5 Na4+ 52. Kd4 Kd6 53. Bd1 Nc5 54. h4 Nd7 55.
Be2 Ne5 56. Ke3 Nc6 57. Kf4 Nd4 58. Bd1 a5 59. e5+ fxe5+ 60. Ke4 f6 61. g5 fxg5 62. hxg5 hxg5 63. Bg4 b4 64. axb4 axb4 65. f6 b3 66. f7 Ke7 67. Kxe5 b2 0-1

[Event "*** Biggest EVER Titled Tuesday"]
[Site "Chess.com"]
[Date "2018.04.17"]
[Round "2"]
[White "GMBenjaminBok"]
[Black "GeorgMeier"]
[Result "0-1"]
[WhiteElo "2587"]
[BlackElo "2795"]
[TimeControl "180+2"]
[EndTime "13:23:41 PDT"]
[Termination "GeorgMeier won by resignation"]

1. c4 b6 2. g3 Bb7 3. Nf3 Bxf3 4. exf3 c5 5. d4 Nc6 6. d5 Nd4 7. Be3 Nf5 8. Bd2 g6 9. Bc3 Bg7 10. Bxg7 Nxg7 11. Bh3 Nh6 12. g4 f5 13. Nc3 e6 14.
Bg2 O-O 15. O-O Qh4 16. h3 e5 17. Qd2 e4 18. fxe4 fxg4 19. Qe3 Nh5 20. Ne2 Rae8 21.
Rae1 Nf5 22. Qd3 Nd4 23. Nxd4 cxd4 24. hxg4 Qxg4 25. Qh3 Qg5 26. Kh1 d3 27. Qe3 Nf4 28. Bh3 Re5 29. Rg1 Qh6 30. Rg3 Rh5 31. Kh2 Nxh3 32.
Qxh6 Rxh6 33. Rxh3 Rxf2+ 34. Kg3 Rxh3+ 35. Kxf2 d6 36.
e5 Rh2+ 37. Ke3 Re2+ 38. Rxe2 dxe2 39. Kxe2 dxe5 40. b4 Kf7 41. c5 bxc5 42. bxc5 h5 43. Kf3 Ke7 44. Ke4 h4 45. Kxe5 h3 46. d6+ Kd7 47.
c6+ Kxc6 48. Ke6 h2 49. d7 h1=Q 50. d8=Q Qe4+ 51. Kf7 Qf5+ 52. Kg7 g5 53. Qd4 Qd7+ 0-1

[Event "*** Biggest EVER Titled Tuesday"]
[Site "Chess.com"]
[Date "2018.04.17"]
[Round "2"]
[White "TigranLPetrosyan"]
[Black "joppie2"]
[Result "1/2-1/2"]
[WhiteElo "2652"]
[BlackElo "2639"]
[TimeControl "180+2"]
[EndTime "13:23:44 PDT"]
[Termination "Game drawn by repetition"]

1. d4 e6 2. Nf3 c5 3. e4 cxd4 4.
Nxd4 Nc6 5. Nxc6 bxc6 6. Bd3 d5 7. O-O Nf6 8. Nd2 Be7 9. Qe2 a5 10. a4 O-O 11. b3 Nd7 12. Bb2 Nc5 13. Rfd1 Bf6 14.
Bxf6 Qxf6 15. Qe3 Qe7 16. Nf3 h6 17. exd5 cxd5 18. Bb5 Rd8 19. Nd4 Bb7 20. Nc6 Bxc6 21. Bxc6 Ra7 22. Bb5 Rc7 23. f3 Qf6 24. Qd4 Qxd4+ 25.
Rxd4 Kf8 26. Kf2 Ke7 27. Rd2 Rdc8 28. Ke2 Nb7 29. Kd1 Nd6 30. Be2 Nf5 31. Kc1 Ne3 32. Bd3 e5 33. Kb2 f5 34. Re1 d4 35. g4 g6 36.
gxf5 gxf5 37. Rg1 Kf6 38. h4 Rb8 39. h5 Rg7 40. Rxg7 Kxg7 41. Bb5 Rc8 42. f4 exf4 43. Rxd4 Rxc2+ 44. Kb1 f3 45. Rf4 Rf2 46. b4 Nd5 47. Rxf5 Nc3+ 48. Kc1 axb4 49. Bc4 Ne2+ 50. Kd1 Nd4 51.
Rf7+ Kh8 52. Rf8+ Kg7 53. Rf7+ Kh8 54. Rf8+ Kg7 55. Rf7+ Kh8 56. Rf8+ Kg7 57. Rf7+ Kh8 58. Rf8+ Kg7 1/2-1/2

[Event "*** Biggest EVER Titled Tuesday"]
[Site "Chess.com"]
[Date "2018.04.17"]
[Round "2"]
[White "NIGWAPO"]
[Black "lukas_111111"]
[Result "1-0"]
[WhiteElo "2510"]
[BlackElo "2514"]
[TimeControl "180+2"]
[EndTime "13:23:47 PDT"]
[Termination "NIGWAPO won by checkmate"]

1. Nf3 d5 2. c4 d4 3. b4 c5 4. g3 cxb4 5. a3 b3 6. Qxb3 Nc6 7. Bg2 Nf6 8. d3 Nd7 9. Qb2 e5 10. Nbd2 Be7 11. O-O O-O 12. Nb3 a5 13. a4 Ra6 14. e3 Rb6 15. exd4 exd4 16. Qc2 Nc5 17. Nxc5 Bxc5 18. Bd2 Nb4 19. Bxb4 Rxb4 20. Rfe1 Qb6 21. Qc1 Rb3 22. Rb1 f6 23. Nd2 Rxb1 24. Qxb1 Bb4 25. Bd5+ Kh8 26. Nf3 Bf5 27. Re2 Bg4 28.
Kg2 Bh5 29. Re4 f5 30. Re6 Bxf3+ 31. Kxf3 Qc7 32. Qd1 f4 33. g4 Qd7 34. h3 Bc5 35.
Re4 g5 36. Qb3 b6 37. Qb5 Qxb5 38.
cxb5 Rd8 39. Bc4 Rd6 40. Re8+ Kg7 41. Ke4 Rd7 42. Kf5 h6 43. Be6 Re7 44. Rg8+ Kh7 45. Rc8 Bd6 46. Rc6 Bc5 47. Kf6 Re8 48. Bf5+ Kg8 49. Be6+ Kh7 50. Rc7+ Kh8 51. Bf5 Bd6 52. Rd7 Be5+ 53. Kg6 Rg8+ 54. Kxh6 Bg7+ 55. Kxg5 Be5+ 56. Kh5 Rf8 57. Be4 f3 58. g5 Bg3 59. Bxf3 Bxf2 60.
Bd5 Rf4 61. g6 Rh4+ 62. Kg5 Rxh3 63. Rd8+ Kg7 64. Rg8# 1-0

[Event "*** Biggest EVER Titled Tuesday"]
[Site "Chess.com"]
[Date "2018.04.17"]
[Round "2"]
[White "twitchTriniCupid"]
[Black "gmtalentoso"]
[Result "1/2-1/2"]
[WhiteElo "2170"]
[BlackElo "2161"]
[TimeControl "180+2"]
[EndTime "13:23:47 PDT"]
[Termination "Game drawn by agreement"]

1. d4 Nf6 2. Nf3 b6 3. c4 Bb7 4. Nbd2 g6 5. e3 Bg7 6. Bd3 d5 7. a3 O-O 8. cxd5 Nxd5 9. b4 a5 10. b5 c6 11. Qb3 a4 12. Qa2 cxb5 13. Bxb5 Nc3 14. Qc4 Nxb5 15. Qxb5 Nd7 16. Rb1 Qc7 17. Qb4 e5 18. O-O e4 19. Ng5 Rfe8 20. Bb2 h6 21. Rfc1 Qd8 22. Nh3 g5 23. Kh1 Bf8 24. Qc4 Ba6 25. Qc7 Bd3 26. Ra1 Rc8 27. Qxd8 Rexd8 28. f4 gxf4 29. Nxf4 Nf6 30. h3 Bd6 31. Nxd3 exd3 32. Rxc8 Rxc8 33. Rc1 Rxc1+ 34. Bxc1 Nd5 35. Nc4 Bg3 36.
Bd2 b5 37. Nb2 Bd6 38. e4 Bxa3 39. Nxd3 Nf6 40. Nc5 Bxc5 41. dxc5 Nxe4 42. c6 Nd6 43. Bb4 Nc8 44. Kg1 f6 45. Kf2 Kf7 46. Ke3 Ke6 47.
Kd4 Ne7 48. Kc5 Nd5 49. Ba3 b4 50. Bxb4 Nxb4 51. Kxb4 Kd6 52. Kxa4 Kxc6 53. Kb3 Kd5 54. Kc2 Ke4 55. Kd2 Kf4 56. Ke2 Kg3 57. Kf1 f5 58.
Kg1 h5 59. Kf1 f4 60. Kg1 h4 61. Kf1 f3 62. gxf3 Kxf3 63. Kg1 Kg3 64. Kh1 Kxh3 65.
Kg1 Kg3 66. Kh1 1/2-1/2

[Event "*** Biggest EVER Titled Tuesday"]
[Site "Chess.com"]
[Date "2018.04.17"]
[Round "2"]
[White "Jospem"]
[Black "MFBerna"]
[Result "1-0"]
[WhiteElo "2687"]
[BlackElo "2348"]
[TimeControl "180+2"]
[EndTime "13:23:50 PDT"]
[Termination "Jospem won by resignation"]

1. Nf3 d5 2. g3 Nf6 3. Bg2 g6 4. O-O Bg7 5. c4 c6 6. b3 O-O 7.
Bb2 Nbd7 8. d4 Ne4 9. Nbd2 Nxd2 10. Qxd2 Re8 11. Rfe1 Nf6 12. Rac1 Ne4 13. Qe3 Bf5 14. Nh4 Qd7 15. Nxf5 Qxf5 16. cxd5 cxd5 17. Rc7 Rac8 18. Rec1 Bf6 19. Bxe4 dxe4 20. Rxc8 Rxc8 21. Rxc8+ Qxc8 22. Qxe4 h5 23. h4 Kg7 24. Qd3 Qg4 25. Kh2 a6 26. e4 Kh7 27. f3 Qd7 28. Bc3 Qc6 29.
Bd2 Qd7 30. Be3 Qc7 31. e5 Bg7 32. a4 e6 33. Qc4 Qd7 34. Bg5 b5 35. axb5 axb5 36.
Qc5 Kg8 37. Kg2 Bf8 38. Qb6 Kh7 39. Bf6 Bg7 40. Qd8 Qxd8 41. Bxd8 Bf8 42. f4 Kg8 43.
Kf3 Bb4 44. Bb6 Kg7 45. Bc5 Ba5 46. b4 Bd8 47. Ke4 f5+ 48. exf6+ Kxf6 49. d5 exd5+ 50.
Kxd5 Kf5 51. Kc6 Kg4 52. Bd6 Bxh4 53. gxh4 Kxh4 54. Kxb5 Kg4 55. Kc5 h4 56. f5 gxf5 57. Kd4 Kf3 58. b5 f4 59. b6 h3 60. Bxf4 Kxf4 61.
b7 Kf3 62. b8=Q Kg2 63. Qg8+ Kh1 64. Qd5+ Kg1 65. Qg5+ Kh1 66. Qf5 Kg2 67. Qg4+ Kh2 68. Ke3 1-0

[Event "*** Biggest EVER Titled Tuesday"]
[Site "Chess.com"]
[Date "2018.04.17"]
[Round "2"]
[White "AlexTriapishko"]
[Black "SenseiJulio"]
[Result "0-1"]
[WhiteElo "2693"]
[BlackElo "2630"]
[TimeControl "180+2"]
[EndTime "13:23:55 PDT"]
[Termination "SenseiJulio won by resignation"]

1. e4 e6 2. d4 d5 3. Bd3 dxe4 4. Bxe4 Nf6 5. Bf3 c5 6. Ne2 Be7 7. Nbc3 O-O 8. Be3 Qc7 9. d5 Rd8 10. O-O exd5 11. Bxd5 Nxd5 12. Nxd5 Qe5 13. Nec3 Nc6 14. Nxe7+ Qxe7 15. Qh5 Nd4 16. Bxd4 cxd4 17. Rfe1 Be6 18. Ne4 Rd5 19. Qf3 Qb4 20. Qg3 Kh8 21. Ng5 Qxb2 22.
Rab1 Qc3 23. Nxe6 fxe6 24. Rxe6 Qxc2 25. Rbe1 Rg8 26. Re7 Qc3 27. Qxc3 dxc3 28. Rc7 Rd3 29. g4 b5 30. Rxa7 h6 31. Rc7 b4 32. Re4 Rb8 33.
Ree7 Rg8 34. Re4 Rb8 35. Ree7 Rd5 36. Rxg7 Rg5 37. Rxg5 hxg5 38. Rc4 Rd8 39. Kf1 Rd2 40. Ke1 Rxa2 41. Kd1 Rb2 42. Kc1 Kg7 43. h3 Kf6 44.
Rc5 Ke6 45. f3 Kd6 46. Rb5 b3 47. Rb8 Kc5 48. Rc8+ Kd4 49. Rd8+ Ke3 50. Re8+ Kxf3 51. Rc8 Rc2+ 52. Kb1 Kg3 53. Rb8 Rb2+ 54. Ka1 Ra2+ 55. Kb1 c2+ 56. Kc1 Ra1+ 57. Kd2 c1=Q+ 0-1

[Event "*** Biggest EVER Titled Tuesday"]
[Site "Chess.com"]
[Date "2018.04.17"]
[Round "2"]
[White "pKiLz5Rn9b"]
[Black "daro94"]
[Result "0-1"]
[WhiteElo "2613"]
[BlackElo "2713"]
[TimeControl "180+2"]
[EndTime "13:23:57 PDT"]
[Termination "daro94 won by checkmate"]

1. b3 d5 2. Bb2 Bf5 3. Nf3 e6 4.
g3 h6 5. Bg2 Nf6 6. O-O Be7 7.
c4 c6 8. d4 O-O 9. Nfd2 Nbd7 10. Nc3 Bh7 11. Re1 Bb4 12. a3 Ba5 13. e3 Re8 14.
Rc1 Rc8 15. b4 Bc7 16. e4 dxe4 17. Ndxe4 Nxe4 18. Nxe4 Nf6 19. Nc5 Rb8 20. Qb3 Bd6 21. Rcd1 Qc7 22. Nd3 Bxd3 23. Rxd3 a5 24. Rc1 axb4 25.
axb4 Qe7 26. c5 Bc7 27. b5 Qd7 28. Rb1 Nd5 29. b6 Bd8 30. Ra1 Bf6 31. Rdd1 Red8 32. Ra7 Qe8 33. h4 Rd7 34. Rda1 h5 35. Qa4 Rdd8 36.
Qb3 g6 37. Re1 Qf8 38. Qc4 Qg7 39. Ra4 Ne7 40. Bh3 Nd5 41. Bg2 Rd7 42. Bh3 Rbd8 43.
Rea1 Qf8 44. Bg2 Ne7 45. Rd1 Nf5 46. Ra7 Bxd4 47. Bxd4 Rxd4 48. Rxd4 Rxd4 49. Qa2 Qxc5 50. Rxb7 Nxg3 51. Rb8+ Kg7 52. b7 Qc1+ 53. Kh2 Rxh4+ 54.
Bh3 Qh1+ 55. Kxg3 Qxh3# 0-1

[Event "*** Biggest EVER Titled Tuesday"]
[Site "Chess.com"]
[Date "2018.04.17"]
[Round "2"]
[White "biostatistician"]
[Black "saraswathii"]
[Result "1-0"]
[WhiteElo "2435"]
[BlackElo "2279"]
[TimeControl "180+2"]
[EndTime "13:23:57 PDT"]
[Termination "biostatistician won by resignation"]

1. d4 Nf6 2. Nf3 g6 3. c4 Bg7 4. Nc3 d6 5. e4 O-O 6. Be2 c5 7. d5 a6 8. O-O Qc7 9. h3 e6 10.
Bd3 exd5 11. exd5 Nfd7 12. Bf4 Ne5 13. Nxe5 dxe5 14. Be3 f5 15. f4 e4 16. Be2 Qd6 17.
Qd2 Nd7 18. Rad1 b6 19. Kh2 Bb7 20. a4 Rae8 21. Rg1 Nf6 22. Rdf1 Rf7 23. Kh1 Kh8 24. g4 fxg4 25. hxg4 Qd7 26. Rf2 Bc8 27. Rh2 Qd6 28.
g5 Nd7 29. Bg4 Nf8 30. Qe2 Bf5 31. Rg3 Bd4 32. Bxf5 Rxf5 33. Rgh3 Bxe3 34. Qxe3 Qxf4 35. Qxf4 Rxf4 36. Kg1 Rg4+ 37. Rg2 Rf4 38. Re3 Nd7 39. Rge2 Rg4+ 40. Rg2 Ne5 41. Rxg4 Nxg4 42. Rxe4 Rxe4 43. Nxe4 Ne5 44. b3 Kg7 45. Kf2 Kf7 46. Ke3 Nd7 47.
Kf4 Ke7 48. Nf2 Kd6 49. Ng4 Ke7 50. Ne5 Nf8 51. Nc6+ Kd6 52. Nb8 b5 53. Nxa6 bxa4 54. bxa4 Nd7 55. a5 Ne5 56. Nxc5 Nxc4 57. Ne4+ Kxd5 58.
a6 Nb6 59. Nf6+ Ke6 60. Nxh7 Nd5+ 61. Ke4 Nc3+ 62. Kd4 Nb5+ 63. Kc5 Nc7 64. a7 Kd7 65. Nf8+ Kc8 66. Kc6 Na8 67. Nxg6 Nc7 68. Ne5 Kd8 69. g6 1-0